 Dungeon Crawl Stone Soup version 0.27-a0-1359-ga2a4dfd6fd (webtiles) character file.

Game seed: 14905495301475660577

134264 ABBCCCDDDD the Fighter (level 16, -6/129 HPs)
             Began as a Palentonga Fighter on June 28, 2021.
             Was the Champion of Qazlal.
             Killed from afar by a deep elf sorcerer (31 damage)
             ... with damnation
             ... on level 3 of the Elven Halls.
             The game lasted 01:31:38 (33339 turns).

ABBCCCDDDD the Fighter (Palentonga Fighter)        Turns: 33339, Time: 01:31:38

Health: -6/129     AC: 57    Str: 25    XL:     16   Next: 61%
Magic:  18/24      EV:  4    Int: 11    God:    Qazlal [******]
Gold:   1699       SH: 29    Dex:  7    Spells: 15/15 levels left

rFire    . . .     SeeInvis +   b - +4 morningstar of Conflict {vorpal, +Blink Will+ rCorr}
rCold    . . .     Faith    .   e - +2 tower shield {AC+3}
rNeg     . . .     Spirit   .   x - +15 Maxwell's patent armour {-Cast -Tele rElec Will+ rCorr}
rPois    .         Reflect  .   k - +0 helmet
rElec    +         Harm     .   J - +0 cloak
rCorr    +         Rampage  .   q - +0 pair of gloves
Will     +++..     NoTele   +   T - +2 barding {Fly} Stlth ..........NoCast +
                                y - amulet of the acrobat
HPRegen  0.31/turn              P - +4 ring of protection
MPRegen  0.19/turn              X - +4 ring of protection

@: protected from electricity, flying, repel missiles, curled up
A: large, rugged brown scales 3, see invisible, deformed body, roll 2, armoured
tail, reflexive curl, hooves 1, clumsy 1, frail 1, sturdy frame 1
a: Rolling Charge, Renounce Religion, Evoke Blink, Upheaval, Elemental Force,
Disaster Area


You were on level 3 of the Elven Halls.
You worshipped Qazlal.
Qazlal was exalted by your worship.
You visited 6 branches of the dungeon, and saw 27 of its levels.
You also visited: Sewer and Ossuary.

You collected 2381 gold pieces.
You spent 682 gold pieces at shops.

Inventory:

Hand Weapons
 b - the +4 morningstar of Conflict (weapon) {vorpal, +Blink Will+ rCorr}
   (You bought it in a shop on level 2 of the Orcish Mines)

   It inflicts extra damage upon your enemies.
   +Blink:    It lets you blink.
   rCorr:     It protects you from acid and corrosion.
   Will:      It increases your willpower.
 r - a +3 whip of electrocution
 z - a +2 flail of holy wrath
Missiles
 p - 7 curare-tipped darts
 B - 6 boomerangs of dispersal
 O - 5 throwing nets
Armour
 a - a +1 chain mail of fire resistance
 e - a +2 tower shield of protection (worn)
 k - a +0 helmet (worn)
 q - a +0 pair of gloves (worn)
 x - the +15 Maxwell's patent armour (worn) {-Cast -Tele rElec Will+ rCorr}
   (You found it on level 13 of the Dungeon)

   rElec:     It insulates you from electricity.
   -Cast:     It prevents spellcasting.
   -Tele:     It prevents most forms of teleportation.
   rCorr:     It protects you from acid and corrosion.
   Will:      It increases your willpower.
 E - a +2 plate armour of fire resistance
 J - a +0 cloak (worn)
 T - a +2 barding of flying (worn)
Jewellery
 c - the ring of Sydugisa {rF+ Dex+6}
   (You found it on level 13 of the Dungeon)

   [ring of dexterity]

   Dex:       It affects your dexterity (+6).
   rF:        It protects you from fire.
 y - an amulet of the acrobat (around neck)
 P - a +4 ring of protection (left hand)
 X - a +4 ring of protection (right hand)
Wands
 m - a wand of flame (15)
 n - a wand of charming (14)
 u - a wand of digging (7)
 F - a wand of iceblast (21)
 R - a wand of mindburst (20)
 U - a wand of paralysis (20)
Scrolls
 h - 11 scrolls of magic mapping
 j - 7 scrolls of vulnerability
 l - a scroll of brand weapon
 o - 15 scrolls of teleportation {unknown}
 s - a scroll of holy word
 t - 8 scrolls of enchant armour
 w - 3 scrolls of fear
 D - 6 scrolls of torment
 H - 2 scrolls of fog
 I - 2 scrolls of blinking
 M - 7 scrolls of amnesia {unknown}
 N - a scroll of enchant weapon
 S - 2 scrolls of immolation
 Z - 2 scrolls of silence
Potions
 d - 2 potions of might
 f - 13 potions of curing
 g - 3 potions of haste
 i - 5 potions of heal wounds
 v - 3 potions of attraction
 A - a potion of magic
 G - 7 potions of brilliance {unknown}
 K - 3 potions of berserk rage
 L - 3 potions of lignification
 Q - 2 potions of mutation
 V - 3 potions of ambrosia
 W - 2 potions of invisibility
 Y - 2 potions of cancellation {unknown}
Miscellaneous
 C - a lightning rod (3/4)


   Skills:
 - Level 14.5 Fighting
 + Level 14.2 Maces & Flails
 - Level 9.2 Armour
 - Level 5.4 Dodging
 * Level 12.2 Shields
 + Level 11.9 Invocations
 - Level 7.0 Evocations


You had 15 spell levels left.
You didn't know any spells.
Your spell library contained the following spells:

 Spells                   Type           Power      Damage    Failure   Level
 Corona                   Hex            0%         N/A       99%         1
 Magic Dart               Conj           0%         1d3       99%         1
 Shock                    Conj/Air       0%         1d3       99%         1
 Call Imp                 Summ           0%         N/A       99%         2
 Searing Ray              Conj           0%         3d3       99%         2
 Slow                     Hex            0%         N/A       99%         2
 Static Discharge         Conj/Air       0%         N/A       99%         2
 Dazzling Flash           Conj/Hex       0%         N/A       100%        3
 Inner Flame              Hex/Fire       0%         N/A       100%        3
 Portal Projectile        Hex/Tloc       0%         N/A       100%        3
 Swiftness                Air            0%         N/A       100%        3
 Airstrike                Air            0%         N/A       100%        4
 Cause Fear               Hex            0%         N/A       100%        4
 Fulminant Prism          Conj/Hex       0%         3d6       100%        4
 Iskenderun's Mystic Bla  Conj/Tloc      0%         2d3       100%        4
 Leda's Liquefaction      Hex/Erth       0%         N/A       100%        4
 Sticky Flame             Conj/Fire      0%         2d3       100%        4
 Bolt of Magma            Conj/Fire/Erth 0%         4d4       100%        5
 Fireball                 Conj/Fire      0%         3d3       100%        5
 Iskenderun's Battlesphe  Conj           0%         2d6       100%        5
 Lightning Bolt           Conj/Air       0%         1d11      100%        5
 Iron Shot                Conj/Erth      0%         9d1       100%        6
 Orb of Destruction       Conj           0%         N/A       100%        7
 Spellforged Servitor     Conj/Summ      0%         N/A       100%        7
 Ignition                 Fire           0%         3d3       100%        8
 Polar Vortex             Ice            0%         N/A       100%        9
 Shatter                  Erth           0%         3d5*      100%        9


Dungeon Overview and Level Annotations

Branches:
Dungeon (14/15)            Temple (1/1) D:4            Lair (6/6) D:11
  Swamp (0/4) Lair:3       Spider (0/4) Lair:2        Slime (1/5) Lair:5
    Orc (2/2) D:11            Elf (3/3) Orc:2        Vaults (0/5) D:14
  Sewer (visited)         Ossuary (visited)

Altars:
Ashenzari
Cheibriados
Dithmenos
Elyvilon
Fedhas
Gozag
Hepliaklqana
Kikubaaqudgha
Makhleb
Okawaru
Qazlal
Ru
Sif Muna
Trog
Uskayaw
Vehumet
Wu Jian
Xom
Yredelemnul
Zin
The Shining One
Beogh

Shops:
D:1 (   D:4 ?[!   D:7 !   Orc:2 :([*

Annotations:
D:13 exclusion: downstairs
D:14 Nessos; Rupert; Urug
Lair:2 3 runed translucent doors, exclusion: 3 doors, sanka's ghost, adept DjAr
Elf:1 exclusion: 3 oklob plants
Elf:2 3 runed translucent doors


Innate Abilities, Weirdness & Mutations

You are completely covered in rugged brown scales. (AC +3, +7% HP)
You have supernaturally acute eyesight. (SInv)
Armour fits poorly on your strangely shaped body.
You can roll at foes to attack.
You have a long armoured tail.
You curl defensively after being hit.
You have large cloven feet.
You are clumsy. (Dex -2)
You are frail. (-10% HP)
Your movements are slightly less encumbered by armour. (ER -2)


Message History

You puncture the deep elf blademaster!
Your kick misses the deep elf blademaster.
The deep elf blademaster is almost dead.
You hear a shout!
You block the deep elf blademaster's attack. x2
The deep elf high priest mumbles some strange prayers to its god against you.
Something smites you!
The deep elf sorcerer casts a spell.
The deep elf sorcerer seems to speed up.
Aiming: Thunderbolt
Press: ? - help, Shift-Dir - straight line, f/p - deep elf blademaster
Aim: a deep elf blademaster, wielding two +0 rapiers and wearing a +0 leather armour (severely wounded)
The thunderbolt hits the deep elf blademaster!!
The deep elf blademaster is almost dead.
The thunderbolt hits the deep elf blademaster!!
You kill the deep elf blademaster!
Qazlal accepts your kill.
You block the deep elf blademaster's attack. x2
A deep elf sorcerer comes into view. It is wielding a +0 dagger.
Aiming: Thunderbolt
Press: ? - help, Shift-Dir - straight line, f - deep elf sorcerer, p - deep elf blademaster
Aim: a deep elf sorcerer, wielding a +2 dagger of holy wrath and wearing a +0 scale mail (fast, spells empowered)
The thunderbolt hits the deep elf sorcerer.
The deep elf sorcerer is lightly wounded.
The thunderbolt hits the deep elf blademaster!!
You kill the deep elf blademaster!
Qazlal accepts your kill.
The deep elf sorcerer points at you and mumbles some strange words.
The sphere of damnation explodes!
The damnation engulfs you!!
* * * LOW HITPOINT WARNING * * *
The deep elf sorcerer casts a spell at you.
The sphere of damnation explodes!
The damnation engulfs you!
* * * LOW HITPOINT WARNING * * *
Your lightning rod (3/4) has regained one charge.
Okay, then.
You feel much better.
The deep elf annihilator seems less brilliant.
The deep elf sorcerer casts a spell at you.
The sphere of damnation explodes!
The damnation engulfs you!!
You die...

#.# #e #.# #§ ########.# #e
.?.......# #. .........# #e
######.## #. ### #)#
######)#############.# #.#
.........e.e...)@....# #.# #
.........e..e.○####..######.#
## ..........)....#
#.........# #.
..............## #.........#
#. #............##
#..######.## #.
##........).## #..# #..###.
#########++# #..######....+.
#..........###. #..........#
##


You could see a deep elf annihilator, 2 deep elf sorcerers and a deep elf high
priest.

Vanquished Creatures
  2 deep elf blademasters (Elf:3)
  Kirke (Lair:4)
  An orc warlord (Orc:2)
  A deep elf sorcerer (Elf:1)
  A deep elf demonologist (Elf:3)
  2 deep elf annihilators
  Azrael (Elf:2)
  A deep elf death mage (Elf:2)
  Josephine (Lair:4)
  A deep elf high priest (Elf:3)
  Harold (D:9)
  2 boulder beetles (D:12)
  A servant of whispers (Elf:1)
  12 hydras
  4 centaur warriors
  An anaconda (Lair:5)
  An ogre mage (D:12)
  2 catoblepae
  9 dancing weapons
  A deep troll shaman (Lair:6)
  A tengu warrior (D:13)
  6 two-headed ogres
  6 death yaks
  4 orc high priests (Orc:2)
  Nergalle (Orc:1)
  Sonja (Orc:1)
  6 deep elf knights
  8 deep elf archers
  A harpy (shapeshifter) (D:13)
  A wizard (D:10)
  Pikel (D:8)
  4 orc knights (Orc:2)
  23 deep elf pyromancers
  21 deep elf zephyrmancers
  A wolf spider (D:12)
  7 orc sorcerers
  6 cyclopes
  Maurice (D:11)
  A manticore (D:13)
  11 elephants
  A torpor snail (Lair:3)
  5 black mambas
  A black mamba (shapeshifter) (Elf:2)
  A gargoyle (D:12)
  6 cane toads
  2 rime drakes
  7 komodo dragons
  A yaktaur (D:13)
  3 polar bears
  4 trolls
  Prince Ribbit (D:9)
  20 slime creatures
  6 dream sheep
  2 saltlings (Elf:1)
  15 blink frogs
  3 redbacks (Lair:2)
  An air elemental (Elf:1)
  2 water elementals
  A vampire (D:13)
  5 basilisks
  3 wyverns
  6 hogs
  A human (shapeshifter) (Elf:2)
  5 wraiths
  41 yaks
  2 fire elementals (Elf:2)
  A steam dragon (D:7)
  Grum (D:9)
  8 vampire mosquitoes
  Edmund (D:5)
  9 swamp worms
  7 wargs (Orc:2)
  Menkaure (D:6)
  An acid dragon (D:12)
  28 water moccasins
  2 hell hounds (Elf:2)
  An ice beast (D:6)
  4 sky beasts
  A meliai simulacrum (D:13)
  39 orc warriors
  3 black bears
  A necrophage (D:4)
  10 ogres
  21 wolves
  2 centaurs (D:11)
  11 kobold brigands
  A gnoll sergeant (D:10)
  13 bullfrogs
  6 scorpions
  2 earth elementals (Elf:3)
  A wyvern skeleton (D:7)
  10 killer bees (D:10)
  5 howler monkeys
  8 centaur zombies
  2 crimson imps
  A bullfrog zombie (D:7)
  Crazy Yiuf (D:6)
  3 hounds (D:6)
  2 bullfrog skeletons (D:5)
  3 human zombies (Ossuary)
  3 jellies
  32 orc priests
  A gnoll shaman (D:9)
  2 iguanas
  2 centaur skeletons
  Jessica (D:3)
  19 orc wizards
  2 killer bee zombies (D:7)
  A hound zombie (Ossuary)
  A hound skeleton (D:4)
  A howler monkey zombie (D:9)
  4 mummies
  8 gnolls
  13 adders
  An ufetubus (D:5)
  4 adder zombies (Ossuary)
  2 worms
  A dart slug (D:1)
  92 orcs
  6 endoplasms
  7 giant cockroaches
  5 goblins
  10 hobgoblins
  3 jackals (D:3)
  2 quokkas (D:4)
  9 ball pythons
  6 bats
  5 frilled lizards
  A gnoll zombie (Ossuary)
  4 goblin zombies
  9 hobgoblin zombies
  4 jackal zombies (Ossuary)
  29 kobolds
  A kobold zombie (Ossuary)
  3 orc zombies (Ossuary)
  3 quokka zombies (Ossuary)
  7 rats
  2 rat zombies (Ossuary)
  A toadstool (D:7)
819 creatures vanquished.

Vanquished Creatures (collateral kills)
  Jorgrun (Orc:1)
  A deep elf knight (Elf:2)
  2 deep elf archers (Elf:2)
  A deep elf pyromancer (Elf:3)
5 creatures vanquished.

Vanquished Creatures (others)
  A deep elf knight (Elf:2)
  A deep elf zephyrmancer (D:12)
  A hell hound (Elf:2)
  A water moccasin (Lair:5)
  A butterfly (D:4)
  24 fungi
  44 plants
  4 toadstools (D:7)
77 creatures vanquished.

Grand Total: 901 creatures vanquished

Notes
Turn   | Place    | Note
-------+----------+-------------------------------------------
     0 | D:1      | ABBCCCDDDD the Palentonga Fighter began the quest for the
                  | Orb.
     0 | D:1      | Reached XP level 1. HP: 19/19 MP: 1/1
   532 | D:1      | Found a faded altar of an unknown god.
   591 | D:1      | Reached XP level 2. HP: 25/25 MP: 2/2
   632 | D:1      | Became a worshipper of Qazlal Stormbringer
   632 | D:1      | Reached * piety under Qazlal
  1005 | D:1      | Found Giewn's Antique Weapon Emporium.
  1459 | D:2      | Reached XP level 3. HP: 27/31 MP: 3/3
  2141 | D:3      | Found a blossoming altar of Fedhas.
  2318 | D:3      | Noticed Jessica
  2329 | D:3      | Killed Jessica
  2330 | D:3      | Reached XP level 4. HP: 36/39 MP: 4/4
  2690 | D:3      | Found a shimmering blue altar of Sif Muna.
  2961 | D:4      | Reached ** piety under Qazlal
  3076 | D:4      | Noticed a scorpion
  3077 | D:4      | Noticed a scorpion
  3083 | D:4      | Killed a scorpion
  3084 | D:4      | Reached skill level 1 in Invocations
  3084 | D:4      | Reached skill level 1 in Evocations
  3084 | D:4      | Reached XP level 5. HP: 33/46 MP: 5/5
  3275 | D:4      | Found Hioggoha's Antique Armour Shop.
  3329 | D:4      | Found Tycvi's Magic Scroll Emporium.
  3332 | D:4      | Bought a scroll of identify for 20 gold pieces
  3336 | D:4      | Found a staircase to the Ecumenical Temple.
  3503 | D:4      | Reached XP level 6. HP: 48/52 MP: 7/7
  3643 | D:4      | Found a white marble altar of Elyvilon.
  3781 | D:4      | Found Tepon's Distillery.
  3846 | Temple   | Entered the Ecumenical Temple
  3954 | D:5      | Entered Level 5 of the Dungeon
  3974 | D:5      | Reached skill level 5 in Fighting
  4036 | D:5      | Found an ancient bone altar of Kikubaaqudgha.
  4078 | D:5      | Gained mutation: You curl defensively after being hit.
                  | [Palentonga growth]
  4078 | D:5      | Reached XP level 7. HP: 38/59 MP: 9/9
  4345 | D:5      | Reached skill level 5 in Maces & Flails
  4452 | D:5      | Noticed Edmund
  4837 | D:6      | Reached XP level 8. HP: 67/68 MP: 10/10
  4846 | D:6      | Noticed a troll
  4903 | D:5      | Killed Edmund
  4924 | D:5      | Found a basalt altar of Yredelemnul.
  5183 | D:6      | Noticed Menkaure
  5190 | D:6      | Killed Menkaure
  5263 | D:6      | Found a glowing drain.
  5293 | Sewer    | Entered a sewer
  5483 | Sewer    | Reached *** piety under Qazlal
  5777 | Sewer    | Reached skill level 5 in Evocations
  6081 | D:6      | Reached XP level 9. HP: 58/77 MP: 11/11
  6297 | D:6      | Identified a scroll of acquirement
  6770 | D:6      | Found an iron altar of Okawaru.
  7240 | D:6      | Found a runed translucent door.
  7241 | D:6      | Noticed Crazy Yiuf
  7247 | D:6      | Killed Crazy Yiuf
  7568 | D:7      | Reached **** piety under Qazlal
  7583 | D:7      | Found a burning altar of Makhleb.
  7644 | D:7      | Found a sand-covered staircase.
  7650 | Ossuary  | Entered an ossuary
  8130 | D:7      | Found Haorghomy's Distillery.
  8147 | D:7      | Bought a potion of lignification for 39 gold pieces
  8147 | D:7      | Bought a potion of mutation for 104 gold pieces
  8480 | D:7      | Gained mutation: You sometimes lose the ability to read
                  | scrolls when taking damage. [potion of mutation]
  8480 | D:7      | Gained mutation: Your muscles are strong. (Str +2) [potion
                  | of mutation]
  8480 | D:7      | Gained mutation: You have large cloven feet. [potion of
                  | mutation]
  8481 | D:7      | Lost mutation: Your muscles are strong. (Str +2) [potion of
                  | mutation]
  8481 | D:7      | Lost mutation: You sometimes lose the ability to read
                  | scrolls when taking damage. [potion of mutation]
  8481 | D:7      | Gained mutation: You are frail. (-10% HP) [potion of
                  | mutation]
  8481 | D:7      | Gained mutation: You can roll at foes to attack. [potion of
                  | mutation]
  8481 | D:7      | Gained mutation: Your movements are slightly less
                  | encumbered by armour. (ER -2) [potion of mutation]
  8491 | D:8      | Noticed Pikel
  8495 | D:8      | Killed Pikel
  8519 | D:8      | Found a hazy altar of Hepliaklqana.
  8655 | D:8      | Found a sacrificial altar of Ru.
  8759 | D:8      | Found an ornate altar of the Wu Jian Council.
  9006 | D:9      | Noticed Prince Ribbit
  9012 | D:9      | Killed Prince Ribbit
  9013 | D:9      | Reached XP level 10. HP: 80/80 MP: 12/12
  9148 | D:9      | Found a broken altar of Ashenzari.
  9191 | D:9      | Noticed Grum
  9201 | D:9      | Reached ***** piety under Qazlal
  9509 | D:9      | Killed Grum
  9540 | D:9      | Noticed Harold
  9544 | D:9      | Killed Harold
  9845 | D:9      | Noticed a two-headed ogre
  9862 | D:9      | Killed a two-headed ogre
 10893 | D:10     | Entered Level 10 of the Dungeon
 10996 | D:10     | Reached XP level 11. HP: 84/87 MP: 14/14
 11026 | D:10     | Reached skill level 5 in Shields
 11037 | D:10     | Reached skill level 5 in Invocations
 11292 | D:10     | Noticed a wizard
 11294 | D:10     | Killed a wizard
 11349 | D:10     | Noticed a two-headed ogre
 11463 | D:11     | Acquired a +2 barding of flying
 11651 | D:11     | Noticed Maurice
 11658 | D:11     | Killed Maurice
 11673 | D:11     | Found a staircase to the Orcish Mines.
 11718 | D:11     | Found a staircase to the Lair.
 12053 | D:11     | Noticed a centaur warrior
 12057 | D:11     | Reached skill level 10 in Fighting
 12074 | D:11     | Killed a centaur warrior
 12419 | D:10     | Killed a two-headed ogre
 12420 | D:10     | Reached skill level 10 in Maces & Flails
 12722 | Orc:1    | Entered Level 1 of the Orcish Mines
 12722 | Orc:1    | Noticed Sonja
 12728 | Orc:1    | Noticed Jorgrun
 12733 | Orc:1    | Killed Sonja
 12748 | Orc:1    | You are sucked into a shaft and drop 1 floor!
 12748 | Orc:2    | Entered Level 2 of the Orcish Mines
 12748 | Orc:2    | Noticed a two-headed ogre
 12750 | Orc:2    | Reached skill level 5 in Armour
 12759 | Orc:2    | Killed a two-headed ogre
 13059 | Orc:2    | Found a staircase to the Elven Halls.
 13114 | Orc:2    | Noticed an orc sorcerer
 13114 | Orc:2    | Noticed an orc sorcerer
 13122 | Orc:2    | Killed an orc sorcerer
 13124 | Orc:2    | Noticed a soul eater
 13132 | Orc:2    | Killed an orc sorcerer
 13133 | Orc:2    | Reached XP level 12. HP: 61/95 MP: 12/16
 13142 | Orc:2    | Got the Handbook of the Blaze and Companions
 14238 | Orc:2    | Noticed a two-headed ogre
 14246 | Orc:2    | Killed a two-headed ogre
 14550 | Orc:2    | Found Arisk's General Store.
 15180 | Orc:2    | Noticed an orc warlord
 15185 | Orc:2    | Reached ****** piety under Qazlal
 15232 | Orc:2    | Killed an orc warlord
 15363 | Orc:2    | Noticed an orc high priest
 15366 | Orc:2    | Found Tuahoiti's Book Boutique.
 15371 | Orc:2    | Killed an orc high priest
 15428 | Orc:2    | Noticed an orc high priest
 15436 | Orc:2    | Killed an orc high priest
 15646 | Orc:2    | Noticed an orc high priest
 15655 | Orc:2    | Found Ukolirir's Antique Weapon Shop.
 15663 | Orc:2    | Gained mutation: You are clumsy. (Dex -2) [a neqoxec]
 15663 | Orc:2    | Killed an orc high priest
 15687 | Orc:2    | Bought a jewelled morningstar for 207 gold pieces
 15687 | Orc:2    | Identified the +4 morningstar of Conflict {vorpal, +Blink
                  | Will+ rCorr} (You bought it in a shop on level 2 of the
                  | Orcish Mines)
 15984 | Orc:2    | Bought 2 scrolls of noise for 34 gold pieces
 15984 | Orc:2    | Bought a scroll of enchant armour for 127 gold pieces
 15984 | Orc:2    | Bought a scroll of fog for 34 gold pieces
 16040 | Orc:2    | Found Dumof's Antique Armour Shoppe.
 16064 | Orc:2    | Reached XP level 13. HP: 93/102 MP: 17/17
 16109 | Orc:2    | Bought a pair of gloves for 117 gold pieces
 16659 | Orc:1    | Noticed Nergalle
 16820 | Orc:1    | Killed Nergalle
 17276 | Orc:1    | Killed Jorgrun
 17977 | Lair:1   | Entered Level 1 of the Lair of Beasts
 18384 | Lair:1   | Reached skill level 1 in Dodging
 19491 | Lair:2   | Found a runed translucent gate.
 19493 | Lair:2   | Found a runed translucent gate.
 19494 | Lair:2   | Found a runed translucent gate.
 19494 | Lair:2   | Noticed sanka's ghost (adept DjAr)
 19776 | Lair:2   | Found a hole to the Spider Nest.
 20983 | Lair:3   | Reached XP level 14. HP: 114/114 MP: 18/18
 21212 | Lair:3   | Found a staircase to the Swamp.
 21870 | Lair:4   | Noticed Josephine
 21880 | Lair:4   | Killed Josephine
 22873 | Lair:5   | Noticed Kirke
 23362 | Lair:5   | Found a staircase to the Slime Pits.
 23959 | Lair:4   | Killed Kirke
 24398 | Slime:1  | Entered Level 1 of the Pits of Slime
 24425 | Lair:6   | Entered Level 6 of the Lair of Beasts
 24560 | Lair:6   | Reached skill level 5 in Dodging
 25093 | Lair:6   | Acquired a +2 tower shield of protection
 25218 | Lair:6   | Reached XP level 15. HP: 123/123 MP: 20/22
 27423 | D:12     | Reached skill level 10 in Invocations
 27667 | D:12     | Identified the +6 trident of Defenestration {flame, rF++
                  | rCorr Str-2}
 27770 | D:12     | Found a glowing silver altar of Zin.
 28268 | D:12     | Reached skill level 10 in Shields
 29201 | D:13     | Found a hide-covered altar of Uskayaw.
 29625 | D:13     | Identified the ring of Sydugisa {rF+ Dex+6}
 29666 | D:13     | Found the +15 Maxwell's patent armour {-Cast -Tele rElec
                  | Will+ rCorr}
 29923 | D:14     | Found a gate to the Vaults.
 29923 | D:14     | Noticed Nessos
 29923 | D:14     | Noticed Urug
 29923 | D:14     | Noticed Rupert
 30118 | Elf:1    | Entered Level 1 of the Elven Halls
 30781 | Elf:1    | Reached XP level 16. HP: 59/129 MP: 21/24
 31159 | Elf:1    | Got the Reference Book on Conjuration
 31802 | Elf:2    | Paralysed by an air elemental for 1 turns
 31808 | Elf:1    | Paralysed by an air elemental for 1 turns
 32172 | Elf:2    | Found a ruined gateway.
 32210 | Elf:2    | Noticed Azrael
 32222 | Elf:2    | Killed Azrael
 32435 | Elf:2    | Found a runed translucent gate.
 32438 | Elf:2    | Found a runed translucent gate.
 32439 | Elf:2    | Found a runed translucent gate.
 32770 | Elf:1    | Found a shimmering blue altar of Sif Muna.
 32820 | Elf:3    | Entered Level 3 of the Elven Halls
 33314 | Elf:3    | Noticed a deep elf blademaster
 33315 | Elf:3    | Noticed a deep elf blademaster
 33337 | Elf:3    | Killed a deep elf blademaster
 33338 | Elf:3    | Killed a deep elf blademaster
 33338 | Elf:3    | HP: 4/129 [deep elf sorcerer/damnation (16)]
 33339 | Elf:3    | Killed from afar by a deep elf sorcerer

Illustrated notes

Levels and vault maps discovered:
D:1:      dpeg_arrival_round_b, layout_basic, serial_shops,
          nicolae_shop_temple_entry_statues_fountains, basic_ecumenical_altar
D:2:      layout_loops_corners, minmay_misc_feat_diagonals
D:3:      layout_rooms, fedhas_ov_isle_minmay, led_sif_pool,
          serial_corexii_hall, chequers_hall_statues_corner_a,
          corexii_hall_statues_i, chequers_hall_statues_wall_a,
          corexii_hall_statues_i, uniq_jessica
D:4:      layout_basic, nicolae_elyvilon_peaceful_grove,
          minmay_temple_entry_hall, serial_shops, shop, kennysheep_mini_moat,
          kennysheep_mini
D:5:      layout_basic, nemelex_altar_shiori,
          nicolae_kikubaaqudgha_miasma_corner, lemuel_tele_altar, uniq_edmund
D:6:      layout_loops_corners, overflow_temple_1_default,
          gup_sewer_entry_glass, uniq_crazy_yiuf_cottage, uniq_menkaure
D:7:      layout_cave_pools, makhleb_grotto_becter, nicolae_ossuary_entry_giza,
          serial_shops, shop, minmay_gold_behind_fungi
D:8:      layout_cave_pools, nicolae_overflow_hidden_temple,
          nicolae_hepliaklqana_hazy_memory, uniq_pikel
D:9:      layout_grid_maze, nicolae_ashenzari_skybound, serial_rivers,
          chequers_serial_rivers_micro_b, chequers_serial_rivers_micro_e,
          chequers_serial_rivers_micro_d, chequers_serial_rivers_small_3,
          chequers_serial_rivers_large_a, chequers_serial_rivers_small_a,
          st_stairs_10, uniq_harold, uniq_grum, uniq_prince_ribbit1
D:10:     layout_rooms, lightli_wizard_tower
D:11:     layout_roguey, lair_entry_dummy, orc_0_dummy,
          lightli_fourway_metalbox, uniq_maurice
D:12:     minmay_elf_outpost, layout_basic, zin_statuary
D:13:     minmay_blocky_corners, layout_basic, grunt_ministairs_1,
          nicolae_uskayaw_dance_hall
D:14:     layout_irregular_city, david_vaults_3, grunt_gozag_breadcrumbs
Temple:   cyrus_temple_forest
Lair:1:   layout_cave_pods, worms_lemuel
Lair:2:   layout_cave_pods, spider_nest_entry_webs, gammafunk_ghost_necromancy,
          infiniplex_staircase_pool_2
Lair:3:   layout_regular_city, palyth_hydra_swamp_entry
Lair:4:   layout_concentric_octagons, serial_bayou_pond_a,
          cheibrodos_lair_reptile_den, grunt_megastairs_5, uniq_josephine
Lair:5:   beast_lair_carwin_large_1, layout_regular_city,
          minmay_slime_entry_pillars, uniq_kirke
Lair:6:   grunt_lair_end_beastmaster, layout_long_grid, grunt_megastairs_1
Slime:1:  layout_caves, cheibrodos_slime_lost_civilization_6
Orc:1:    layout_caves, statue_in_the_mist_lemuel, nicolae_orc_sculptors_studio,
          uniq_jorgrun, uniq_nergalle, uniq_sonja
Orc:2:    pubby_orc_utopia
Elf:1:    dpeg_oklob_gauntlet, layout_rooms, minmay_elf_annihilation,
          grunt_megastairs_4, lemuel_upstairs_altar
Elf:2:    layout_gridlike, portal_desolation_entry_nicolae_nacl, uniq_azrael
Elf:3:    elf_hall, layout_gridlike

Skill      XL: |  1  2  3  4  5  6  7  8  9 10 11 12 13 14 15 16 |
---------------+-------------------------------------------------+-----
Maces & Flails | 3 4 5 7 8 9 10 11 12 13 14 | 14.2
Fighting       | 4 5 6 7 9 10 11 13 14 | 14.5
Invocations    | 1 2 3 4 6 9 10 11 | 11.9
Evocations     | 1 2 3 5 7 |  7.0
Shields        | 4 7 9 11 12 | 12.2
Armour         | 3 5 6 8 9 |  9.2
Dodging        | 3 5 |  5.4

Action                   |  1- 3 |  4- 6 |  7- 9 | 10-12 | 13-15 | 16-18 || total
-------------------------+-------+-------+-------+-------+-------+-------++-------
Melee: Flail             |   108 |    94 |   361 |       |       |       ||   563
       Tailslap          |    10 |    12 |    60 |   129 |   234 |    32 ||   477
       Whip              |       |       |     7 |   766 |   965 |       ||  1738
       Kick              |       |       |     3 |   252 |   449 |    44 ||   748
       Morningstar       |       |       |       |       |   404 |   260 ||   664
Invok: Upheaval          |       |       |       |     2 |     7 |     1 ||    10
       Elemental Force   |       |       |       |       |     1 |     2 ||     3
 Abil: Rolling Charge    |       |     1 |     2 |     8 |     7 |     1 ||    19
Evoke: Wand              |       |       |     6 |    29 |     4 |     1 ||    40
       Lightning rod     |       |       |       |       |       |     2 ||     2
  Use: Potion            |       |     3 |     2 |     3 |     1 |     3 ||    12
       Scroll            |       |       |     4 |     4 |    13 |     3 ||    24
 Stab: Paralysed         |       |       |       |    32 |       |     3 ||    35
       Held in net/web   |       |       |       |       |     1 |       ||     1
       Petrified         |       |       |       |       |    10 |       ||    10
Armor: Scale mail        |    58 |    43 |   140 |   114 |       |       ||   355
       Chain mail        |       |       |       |    13 |   437 |       ||   450
       Plate armour      |       |       |       |       |    17 |    95 ||   112
Dodge: Dodged            |    26 |    20 |    61 |    78 |   200 |    21 ||   406
       Repelled          |       |       |       |       |     5 |     3 ||     8
Block: Kite shield       |    63 |    70 |   269 |   447 |   865 |       ||  1714
       Other             |       |       |       |       |     9 |       ||     9
       Tower shield      |       |       |       |       |   106 |   305 ||   411

Table legend: (Time is in decaauts)
 A = Elapsed time spent in this place.
 B = Non-inter-level travel time spent in this place.
 C = Inter-level travel time spent in this place.
 D = Time resting spent in this place.
 E = Time spent auto-exploring this place.
 F = Levels seen in this place.
 G = Mean time per level.
                   A        B        C        D        E       F      G
               +--------+--------+--------+--------+--------+-----+--------+
         Total |  32917 |  31273 |   1644 |   8509 |  16808 |  29 | 1135.1 |
       Dungeon |  15732 |  14767 |    965 |   3673 |   8301 |  14 | 1123.7 |
        Temple |     79 |     55 |     24 |      0 |     54 |   1 |   79.0 |
          Lair |   7829 |   7470 |    359 |   1631 |   4679 |   6 | 1304.8 |
    Slime Pits |      1 |      1 |      0 |      0 |      0 |   1 |    1.0 |
  Orcish Mines |   5045 |   4867 |    178 |   1743 |   2032 |   2 | 2522.5 |
   Elven Halls |   2966 |   2849 |    117 |    956 |   1308 |   3 |  988.7 |
         Sewer |    813 |    813 |      0 |    328 |    280 |   1 |  813.0 |
       Ossuary |    448 |    448 |      0 |    178 |    154 |   1 |  448.0 |
               +--------+--------+--------+--------+--------+-----+--------+

Top non-repeatable levels by time:
   Orc:2: 4143 daAuts
    D:12: 2507 daAuts
     D:9: 1821 daAuts
   Elf:1: 1788 daAuts
     D:6: 1593 daAuts
  Lair:4: 1510 daAuts
  Lair:6: 1433 daAuts
  Lair:2: 1324 daAuts
  Lair:3: 1299 daAuts
    D:11: 1259 daAuts
  Lair:1: 1232 daAuts
     D:2: 1128 daAuts
     D:1: 1048 daAuts
     D:5: 1041 daAuts
     D:4: 1041 daAuts
